 Dungeon Sprint DCSS version 0.19.5 (webtiles) character file.

427 dwjmeijer the Covert (level 6, -11/28 HPs)
             Began as a Spriggan Enchanter on May 12, 2017.
             Was an Initiate of Dithmenos.
             Mangled by Sonja
             ... wielding a +2 dagger of distortion
              (13 damage)
             ... in the Dungeon (Sprint I: "Red Sonja").
             The game lasted 00:01:35 (163 turns).

dwjmeijer the Covert (Spriggan Enchanter)            Turns: 163, Time: 00:01:38

Health: -11/28     AC:  3    Str:  4    XL:     6   Next: 65%
Magic:  12/16      EV: 18    Int: 17    God:    Dithmenos [......]
Gold:   297        SH:  0    Dex: 18    Spells: 5 memorised, 6 levels left

rFire  . . .     SeeInvis +     a - +1 dagger
rCold  . . .     Gourm    .     b - +1 robe
rNeg   . . .     Faith    .     (shield restricted)
rPois  .         Spirit   .     (helmet restricted)
rElec  .         Reflect  .     (no cloak)
rCorr  .         Harm     .     (gloves unavailable)
MR     +....     NoTele   +     (boots unavailable)
Stlth  ++++++....               (no amulet)
                                (no ring)
                                (no ring)

@: slowed, quick
A: unfitting armour, see invisible, herbivore 3, speed 3, slow metabolism 2
a: Renounce Religion


You were in the Dungeon.
You worshipped Dithmenos.
Dithmenos was noncommittal.
You were not hungry.

You visited 1 branch You collected 297 gold pieces.

Inventory:

Hand Weapons
 a - a +1 dagger (weapon)
Armour
 b - a +1 robe (worn)
Wands
 l - a wand of slowing (31/48)
Scrolls
 j - a scroll of blinking
 k - a scroll of random uselessness {unknown}
Potions
 f - a potion of heal wounds
 g - a potion of haste
 h - 2 potions of magic
 i - a potion of berserk rage
Books
 c - a book of Maledictions

   Spells                             Type                      Level
   a - Corona                         Hexes                        1
   b - Ensorcelled Hibernation        Hexes/Ice                    2
   c - Confuse                        Hexes                        3
   d - Tukima's Dance                 Hexes                        3
   e - Dazzling Spray                 Conjuration/Hexes            3
Comestibles
 d - a bread ration


   Skills:
 - Level 1.1 Short Blades
 - Level 3.0 Dodging
 + Level 14.5 Stealth
 - Level 6.7 Spellcasting
 + Level 11.7 Hexes


You had 6 spell levels left.
You knew the following spells:

 Your Spells              Type           Power        Failure   Level  Hunger
a - Corona                Hex            #####..      1%          1    None
b - Ensorcelled Hibernat  Hex/Ice        ####..       1%          2    None
c - Confuse               Hex            #####...     1%          3    ##.....
d - Dazzling Spray        Conj/Hex       ####..       3%          3    ##.....
e - Tukima's Dance        Hex            #####...     1%          3    ##.....


Dungeon Overview and Level Annotations

Branches:
Dungeon (1/1)

Altars:
Cheibriados
Dithmenos
Elyvilon
Fedhas
Gozag
Hepliaklqana
Kikubaaqudgha
Nemelex Xobeh
Okawaru
Qazlal
Ru
Sif Muna
Trog
Uskayaw
Vehumet
Yredelemnul
Zin
The Shining One

Shops:
D (

Annotations:
D Sonja


Innate Abilities, Weirdness & Mutations

You are very small and have problems with some larger weapons.
You are too small for most types of armour.
You have supernaturally acute eyesight. (SInv)
You are a herbivore.
You cover ground extremely quickly.
You need consume almost no food.


Message History

You feel as though you will be slow longer.
Sonja shoots a curare-tipped needle.
The curare-tipped needle barely misses you.
Casting: Ensorcelled Hibernation
Confirm with . or Enter, or press ? or * to list all spells.
Aiming: Confuse
Press: ? - help, Shift-Dir - straight line, f/p - Sonja
Aim: Sonja, wielding a blowgun (chance to defeat MR: 77%) Sonja appears confused.
* * * LOW HITPOINT WARNING * * *
You feel very sick.
* * * LOW HITPOINT WARNING * * *
You feel sick.
You feel better.
Sonja unwields an uncursed blowgun.
Sonja wields an uncursed dagger of distortion.
Its appearance distorts for a moment.
Sonja hits you with an uncursed dagger of distortion.
* * * LOW HITPOINT WARNING * * *
Space warps horribly around you!
You die...

#..#####'#####'#
#..####..#...#[#
#..#__####..##.#
#..#_____##'#..+
#⌠⌠#_.∩...'.(._#
####_..__##_(#'#
#_____###'#.#
#########.###


+$@$+ #$.K# ##.## #+# You could see Sonja (confused).

Vanquished Creatures
  Sigmund (D)
  A yak (D)
  An ogre (D)
  A jelly (D)
  Ijyb (D)
5 creatures vanquished.

Notes
Turn   | Place    | Note
-------+----------+-------------------------------------------
     0 | D        | dwjmeijer the Spriggan Enchanter began the quest for the Orb.
     0 | D        | Reached XP level 1. HP: 9/9 MP: 5/5
     2 | D        | Noticed Ijyb
     7 | D        | Killed Ijyb
     7 | D        | Reached skill level 6 in Stealth
     7 | D        | Reached skill level 5 in Hexes
     7 | D        | Reached XP level 2. HP: 13/13 MP: 5/8
    13 | D        | Learned a level 2 spell: Ensorcelled Hibernation
    14 | D        | Noticed an ogre
    18 | D        | Killed an ogre
    18 | D        | Reached skill level 9 in Stealth
    18 | D        | Reached XP level 3. HP: 16/16 MP: 4/12
    18 | D        | Reached XP level 4. HP: 21/21 MP: 4/13
    33 | D        | Learned a level 3 spell: Confuse
    37 | D        | Learned a level 3 spell: Dazzling Spray
    41 | D        | Learned a level 3 spell: Tukima's Dance
    91 | D        | Noticed Sigmund
    93 | D        | Killed Sigmund
    93 | D        | Reached skill level 12 in Stealth
    93 | D        | Reached skill level 10 in Hexes
    93 | D        | Reached XP level 5. HP: 24/24 MP: 15/15
   105 | D        | Found a deep blue altar of Sif Muna.
   107 | D        | Found a radiant altar of Vehumet.
   111 | D        | Reached XP level 6. HP: 28/28 MP: 16/16
   113 | D        | Found Gulaplem's Weapon Emporium.
   113 | D        | Found an ancient bone altar of Kikubaaqudgha.
   113 | D        | Found a hazy altar of Hepliaklqana.
   113 | D        | Found a stormy altar of Qazlal.
   113 | D        | Found a hide-covered altar of Uskayaw.
   113 | D        | Found a blossoming altar of Fedhas.
   113 | D        | Found a bloodstained altar of Trog.
   113 | D        | Found an iron altar of Okawaru.
   113 | D        | Found a basalt altar of Yredelemnul.
   113 | D        | Found a glowing golden altar of the Shining One.
   113 | D        | Found a snail-covered altar of Cheibriados.
   113 | D        | Found a sacrificial altar of Ru.
   113 | D        | Found a glowing silver altar of Zin.
   113 | D        | Found a shadowy altar of Dithmenos.
   113 | D        | Found a white marble altar of Elyvilon.
   113 | D        | Noticed a yak
   114 | D        | Found an opulent altar of Gozag.
   115 | D        | Killed a yak
   115 | D        | Reached skill level 14 in Stealth
   116 | D        | Found a sparkling altar of Nemelex Xobeh.
   122 | D        | Became a worshipper of Dithmenos the Shadowed
   157 | D        | Noticed Sonja
   163 | D        | Mangled by Sonja

Skill      XL: |  1  2  3  4  5  6 |
---------------+-------------------+-----
Stealth        | 6 9 12 14 | 14.5
Spellcasting   | 4 6 |  6.7
Hexes          | 5 7 10 11 | 11.7
Short Blades   | |  1.1
Dodging        | |  3.0

Action                   |  1- 3 |  4- 6 || total
-------------------------+-------+-------++-------
Melee: Dagger            |     6 |     3 ||     9
 Cast: Ensorcelled Hiber |     1 |     1 ||     2
       Confuse           |       |     1 ||     1
  Use: Potion            |       |     1 ||     1
 Stab: Sleeping          |     2 |     3 ||     5
Dodge: Dodged            |     5 |     1 ||     6
